Map: [ESL] Cosmic Sapphire

Players

ShaDow

  • Race: Zerg Zerg
  • Spawn Location: 11:00

Zain - Winner!

  • Race: Protoss Protoss
  • Spawn Location: 5:00

Event: DreamHack SC2 Masters 2022 Valencia

VOD

Have the link to the VOD?

Description

Time

  • Played on: July 1, 2022, 6:06 a.m.
  • Length: 5:10

All games in this series

Show
View Real Time Build Order
Export as new Build Order

ShaDow Zerg 

Build Orders: Pool First 

Get SALT Encoding   

  12  0:00  Drone  
  13  0:12  Overlord  
  13  0:17  Drone  
  14  0:30  Drone x2  
  16  0:42  Spawning Pool  
  15  0:47  Drone  
  16  0:51  Drone  
  17  1:15  Hatchery  
  17  1:16  Extractor  
  15  1:19  Drone  
  15  1:21  Drone  
  17  1:37  Zergling x4  
  19  1:42  Zergling x2  
  20  1:54  Hatchery  
  20  1:56  Zergling x2  
  20  2:05  Zergling x2  
  21  2:14  Zergling x2  
  23  2:24  Overlord  
  23  2:27  Metabolic Boost  
  23  2:33  Queen  
  25  2:38  Spine Crawler  
  25  2:40  Spine Crawler  
  25  2:43  Spine Crawler  
  22  2:49  Zergling x4  
  24  2:52  Zergling x2  
  24  3:02  Zergling x4  
  25  3:13  Queen  
  27  3:25  Zergling x8  
  31  3:33  Zergling x4  
  31  3:41  Zergling x2  
  28  3:44  Zergling x2  
  29  3:55  Zergling x4  
  31  3:59  Zergling x2  
  31  4:00  Queen  
  32  4:07  Zergling x2  
  32  4:09  Zergling x2  
  29  4:25  Zergling x2  
  29  4:28  Zergling x2  
  27  4:37  Zergling x6  
  28  4:41  Zergling x2  
  29  4:50  Zergling x4  
Show
View Real Time Build Order
Export as new Build Order

Zain Protoss - Winner!

Build Orders: 1 Gate Expand 

Get SALT Encoding   

  12  0:00  Probe  
  13  0:12  Probe  
  14  0:20  Pylon  
  14  0:24  Probe  
  15  0:38  Probe (Chrono Boost)  
  15  0:41  Gateway  
  16  0:47  Probe (Chrono Boost)  
  16  0:48  Assimilator  
  17  0:52  Probe (Chrono Boost)  
  18  1:04  Probe  
  19  1:17  Probe  
  20  1:29  Cybernetics Core  
  20  1:36  Nexus  
  20  1:38  Probe  
  21  1:46  Pylon  
  21  1:48  Assimilator  
  21  1:50  Probe  
  22  2:03  Probe  
  22  2:05  Stalker (Chrono Boost)  
  25  2:12  Forge  
  25  2:16  Warp Gate  
  25  2:22  Probe  
  26  2:26  Shield Battery  
  26  2:33  Stalker  
  28  2:44  Shield Battery  
  28  2:54  Photon Cannon  
  28  2:58  Shield Battery  
  28  3:06  Photon Cannon  
  28  3:17  Pylon, Probe  
  28  3:18  Sentry (Chrono Boost)  
  31  3:31  Probe  
  32  3:41  Stalker, Shield Battery  
  32  3:48  Probe  
  35  3:49  Shield Battery  
  35  4:05  Gateway  
  35  4:10  Gateway  
  35  4:11  Pylon  
  35  4:32  Pylon  
  35  4:33  Probe, Gateway  
  36  4:45  Probe  
  35  4:56  Stargate  
  35  4:57  Probe x2  
  35  5:06  Stalker x2  

Tags
 
Add a new tag
Caveats
  • Supply blocks, unpowered buildings, or Contaminate may cause inaccurate times.
  • Supply counts are checked every 10 seconds.